 Dungeon Crawl Stone Soup version 0.32-a0-732-ga344392067 (webtiles) character file.

Game seed: 6663271802515918775

7275 shadizar the Nimble (level 11, 0/84 HPs)
             Began as a Djinni Conjurer on Mar 16, 2024.
             Was a Follower of Makhleb.
             Killed by the air
             ... invoked by Gastronok
              (29 damage)
             ... on level 9 of the Dungeon.
             The game lasted 00:12:45 (10028 turns).

shadizar the Nimble (Djinni Conjurer)              Turns: 10028, Time: 00:12:45

Health: 0/84       AC:  3    Str:  6    XL:     11   Next: 34%
Gold:   499        EV: 14    Int: 25    God:    Makhleb [*.....] SH:  0 Dex: 11

rFire   + + .        (no weapon)
rCold   . . .        (no shield)
rNeg    . . .        a - +0 robe
rPois   ∞            c - +1 hat
rElec   .            (no cloak)
rCorr   .            (no gloves)
SInv    +            (boots unavailable)
Will    +....        (no amulet)
Stlth   ++           j - ring of protection from cold
HPRegen 0.34/turn    i - ring of see invisible
MPRegen 0.00/turn

%: infuse magic (-1 HP)
@: flying
A: sickness immunity, fire resistance 2, cold vulnerability 1, float, innate
caster, HP casting, extra vitality 1
a: Renounce Religion


You were on level 9 of the Dungeon.
You worshipped Makhleb.
Makhleb was aware of your devotion.
You visited 2 branches of the dungeon, and saw 10 of its levels.

You collected 499 gold pieces.

Inventory:

Armour
 a - a +0 robe (worn)
 c - a +1 hat (worn)
Jewellery
 i - a ring of see invisible (right hand)
 j - a ring of protection from cold (left hand)
 x - a ring of resist corrosion
Wands
 q - a wand of flame (13)
 r - a wand of paralysis (12)
 t - a wand of digging (8)
 C - a wand of quicksilver (12)
Scrolls
 b - 5 scrolls of identify {unknown}
 d - a scroll of butterflies {unknown}
 e - 5 scrolls of teleportation {unknown}
 k - 3 scrolls of poison {unknown}
 m - 2 scrolls of enchant armour {unknown}
 s - a scroll of immolation {unknown}
 u - a scroll of torment {unknown}
 v - a scroll of brand weapon {unknown}
 w - 2 scrolls of enchant weapon {unknown}
 y - a scroll of fog {unknown}
 z - a scroll of blinking {unknown}
 A - a scroll of amnesia {unknown}
 D - a scroll of revelation {unknown}
Potions
 f - 3 potions of brilliance {unknown}
 g - a potion of cancellation {unknown}
 h - 2 potions of lignification {unknown}
 l - a potion of enlightenment {unknown}
 n - 4 potions of might {unknown}
 o - 3 potions of curing
 p - a potion of berserk rage {unknown}
 B - a potion of degeneration {unknown}


   Skills:
 - Level 9.0 Fighting
 - Level 10.0 Dodging
 - Level 1.6 Stealth
 + Level 9.5 Spellcasting
 + Level 9.5 Conjurations
 + Level 9.5 Hexes
   Level 0.0 Charms
 + Level 9.5 Summonings
 + Level 9.5 Necromancy
 + Level 9.5 Translocations
   Level 0.0 Transmutations
 + Level 9.5 Fire Magic
 + Level 9.5 Ice Magic
 + Level 9.5 Air Magic
 + Level 9.5 Earth Magic
 + Level 9.5 Alchemy


You knew the following spells:

 Your Spells              Type           Power      Damage    Failure   Level
a - Magic Dart            Conj           100%       1d8       1%          1
b - Searing Ray           Conj           100%       2d8       1%          2
c - Fulminant Prism       Conj/Alch      28%        3d13      1%          4
d - Iskenderun's Mystic   Conj/Tloc      56%        2d12      1%          4
e - Summon Small Mammal   Summ           100%       N/A       1%          1
f - Blink                 Tloc           100%       N/A       1%          2
g - Gell's Gravitas       Tloc           56%        N/A       1%          3
h - Olgreb's Toxic Radia  Alch           56%        N/A       1%          4
i - Martyr's Knell        Necr/Summ      56%        N/A       1%          4
Your spell library was empty.

Dungeon Overview and Level Annotations

Branches:
Dungeon (9/15)             Temple (1/1) D:6
   Lair: D:8-11         Orc: D:9-12

Altars:
Cheibriados
Dithmenos
Elyvilon
Fedhas
Gozag
Hepliaklqana
Makhleb
Nemelex Xobeh
Okawaru
Qazlal
Trog
Uskayaw
Wu Jian
Xom
Yredelemnul
Zin
The Shining One

Shops:
D:1 ?[   D:5 *

Annotations:
D:3 2 transporters
D:9 Gastronok


Innate Abilities, Weirdness & Mutations

You are immune to sickness and miasma.
You are immune to poison.
Your flesh is very heat resistant. (rF++)
You are vulnerable to cold. (rC-)
You float through the air rather than walking.
You learn spells naturally, not from books.
Your magical power is your life essence.
You have superior vitality. (+4 MHP)


Message History

A kobold comes into view. It is wielding a +0 short sword.
Unknown command.
Unknown command.
Unknown command.
Unknown command.
Casting: Iskenderun's Mystic Blast (mildly dangerous; 1% risk of failure)
Confirm with . or Enter, or press ? or * to list all spells.
You erupt in a blast of force!
The mystic blast hits Gastronok!
Gastronok is heavily wounded.
Gastronok is knocked back by the mystic blast.
Unknown command.
Unknown command.
Unknown command.
Unknown command.
The kobold completely misses you.
Gastronok gurgles, "Slow down, so I can eat you."
Gastronok waves his eye-stalks in wide circles.
The air twists around and strikes you!
Casting: Iskenderun's Mystic Blast (mildly dangerous; 1% risk of failure)
Confirm with . or Enter, or press ? or * to list all spells.
You erupt in a blast of force!
The mystic blast hits Gastronok!
Gastronok is severely wounded.
The mystic blast hits the kobold!!
You kill the kobold!
Makhleb accepts your kill.
Unknown command.
Unknown command.
Unknown command.
Unknown command.
Unknown command.
Casting: Iskenderun's Mystic Blast (mildly dangerous; 1% risk of failure)
Confirm with . or Enter, or press ? or * to list all spells.
You erupt in a blast of force!
The mystic blast hits Gastronok!
Gastronok is severely wounded.
A kobold comes into view. It is wielding a +0 dagger.
Gastronok gurgles, "It's true, you are what you eat."
Gastronok waves his eye-stalks in wide circles.
The air twists around and strikes you!!
You die...
Gastronok gurgles, "Time to dig in!"

##[# #..# ####
####'## ...# #.....#
...# #w#†### )..#
#.#... ...# #.###.#
...###############K#
.#
...##..........[@)w#
#
......############.#
...#### ### ####


You could see Gastronok (swift) and a kobold.

Vanquished Creatures
  2 two-headed ogres (D:8)
  Erica (D:8)
  A manticore (D:8)
  A hornet (D:8)
  A shadow (D:9)
  3 wyverns
  3 steam dragons
  An acid dragon (D:9)
  2 water moccasins
  2 orc warriors (D:8)
  2 sky beasts (D:8)
  2 black bears
  An ice beast (D:7)
  3 crocodiles (D:8)
  2 ogres
  A phantom (D:5)
  4 centaurs
  A kobold brigand (D:9)
  3 bullfrogs
  4 scorpions
  5 wights (D:6)
  2 killer bees (D:8)
  2 hounds
  4 jellies
  A bombardier beetle (D:4)
  3 orc priests
  4 gnoll boudas
  7 iguanas
  8 orc wizards
  A sleepcap (D:8)
  Natasha (D:2)
  Robin (D:2)
  10 adders
  25 gnolls
  2 river rats (D:6)
  A white imp (D:6)
  2 ufetubi (D:6)
  6 ribbon worms (D:6)
  34 orcs
  2 bats
  12 endoplasms
  4 giant cockroaches
  9 hobgoblins
  8 jackals (D:1)
  3 kobolds
  3 quokkas
  5 ball pythons
  10 frilled lizards
  20 goblins
  10 rats
245 creatures vanquished.

Vanquished Creatures (others)
  26 fulminant prisms
26 creatures vanquished.

Grand Total: 271 creatures vanquished

Notes
Turn   | Place    | Note
-------+----------+-------------------------------------------
     0 | D:1      | shadizar the Djinni Conjurer began the quest for the Orb.
     0 | D:1      | shadizar set off with the following spells memorised: Magic
                  | Dart, Searing Ray, Fulminant Prism, Iskenderun's Mystic
                  | Blast.
     0 | D:1      | Reached XP level 1. HP: 15/15 MP: 0/0
   313 | D:1      | Found a faded altar of an unknown god.
   359 | D:1      | Reached XP level 2. HP: 20/21 MP: 0/0
   360 | D:1      | Found The Oracle's Delphic Readings.
   831 | D:1      | Found Egroskef's Antique Armour Shoppe.
   833 | D:1      | Reached XP level 3. HP: 24/25 MP: 0/0
   833 | D:1      | Learned a level 1 spell: Summon Small Mammal
  1149 | D:2      | Reached XP level 4. HP: 30/31 MP: 0/0
  1283 | D:2      | Noticed Robin
  1297 | D:2      | Killed Robin
  1571 | D:2      | Reached skill level 5 in Spellcasting
  1571 | D:2      | Reached skill level 5 in Conjurations
  1571 | D:2      | Reached skill level 5 in Hexes
  1571 | D:2      | Reached skill level 5 in Summonings
  1571 | D:2      | Reached skill level 5 in Necromancy
  1571 | D:2      | Reached skill level 5 in Translocations
  1571 | D:2      | Reached skill level 5 in Fire Magic
  1571 | D:2      | Reached skill level 5 in Ice Magic
  1571 | D:2      | Reached skill level 5 in Air Magic
  1571 | D:2      | Reached skill level 5 in Earth Magic
  1571 | D:2      | Reached skill level 5 in Alchemy
  1571 | D:2      | Reached XP level 5. HP: 18/35 MP: 0/0
  1571 | D:2      | Learned a level 2 spell: Blink
  1760 | D:2      | Noticed Natasha
  1764 | D:2      | Killed Natasha
  2325 | D:3      | Found a transporter.
  2482 | D:3      | Found a transporter.
  2634 | D:3      | Reached XP level 6. HP: 31/40 MP: 0/0
  3171 | D:3      | Found a sparkling altar of Nemelex Xobeh.
  3631 | D:4      | Reached XP level 7. HP: 32/45 MP: 0/0
  3631 | D:4      | Learned a level 3 spell: Gell's Gravitas
  3983 | D:5      | Entered Level 5 of the Dungeon
  4214 | D:5      | Noticed a water moccasin
  4220 | D:5      | Killed a water moccasin
  4221 | D:5      | Reached XP level 8. HP: 34/50 MP: 0/0
  4295 | D:5      | Found Plog's General Store.
  4446 | D:5      | Found an opulent altar of Gozag.
  4450 | D:5      | Found an iron altar of Okawaru.
  5111 | D:6      | Found a shadowy altar of Dithmenos.
  5122 | D:6      | Reached skill level 1 in Fighting
  5122 | D:6      | Reached skill level 3 in Dodging
  5184 | D:6      | Reached XP level 9. HP: 50/59 MP: 0/0
  5184 | D:6      | Learned a level 4 spell: Olgreb's Toxic Radiance
  5243 | D:6      | Reached skill level 4 in Dodging
  5357 | D:6      | Found a staircase to the Ecumenical Temple.
  5531 | D:6      | HP: 2/61 [centaur/arrow (3)]
  5534 | D:6      | Reached skill level 5 in Dodging
  6483 | D:7      | Reached skill level 6 in Dodging
  6702 | Temple   | Entered the Ecumenical Temple
  6733 | Temple   | Became a worshipper of Makhleb the Destroyer
  6799 | D:7      | Reached skill level 5 in Fighting
  7250 | D:7      | Reached skill level 7 in Dodging
  7449 | D:7      | Found a basalt altar of Yredelemnul.
  7544 | D:7      | Reached XP level 10. HP: 43/72 MP: 0/0
  8133 | D:8      | Found a shimmering altar of Xom.
  8151 | D:8      | Noticed a manticore
  8158 | D:8      | Killed a manticore
  8240 | D:8      | Reached skill level 8 in Dodging
  8452 | D:8      | Noticed Erica
  8464 | D:8      | Killed Erica
  8792 | D:8      | Noticed a two-headed ogre
  8800 | D:8      | Reached * piety under Makhleb
  8800 | D:8      | Killed a two-headed ogre
  8801 | D:8      | Reached skill level 9 in Dodging
  8964 | D:8      | Reached XP level 11. HP: 74/82 MP: 0/0
  8964 | D:8      | Learned a level 4 spell: Martyr's Knell
  9013 | D:8      | Reached skill level 10 in Dodging
  9318 | D:8      | Found a snail-covered altar of Cheibriados.
  9610 | D:8      | Noticed a two-headed ogre
  9616 | D:8      | Killed a two-headed ogre
  9738 | D:9      | Found a hazy altar of Hepliaklqana.
  9985 | D:9      | Noticed Gastronok
 10028 | D:9      | Killed from afar by Gastronok

Illustrated notes

Levels and vault maps discovered:
D:1:      amcnicky_arrival_underground_garden, layout_loops_cross,
          dreamdust_ecumenical_altar_grove, serial_shops,
          nicolae_shop_dealshenge, serial_forest, infiniplex_forest_straight_5,
          infiniplex_forest_corner_1, infiniplex_forest_clump_tiny,
          infiniplex_forest_straight_1, infiniplex_forest_clump_C,
          infiniplex_forest_corner_2, infiniplex_forest_corner_2,
          serial_park_tiny_pond, nicolae_nh_oracle_at_delphi
D:2:      layout_basic, serial_curves, eino_curves_04, eino_curves_01,
          uniq_natasha, uniq_robin
D:3:      gammafunk_steamed_eel, layout_loops_corners,
          nemelex_diamond_rough_becter
D:4:      layout_rooms, grunt_decor_arrowhead, nrook_loot_triangle,
          minmay_lizard_king
D:5:      layout_basic, lemuel_tele_altar, minitemple, serial_shops, shop
D:6:      layout_basic, nicolae_dithmenos_the_darkroom,
          minmay_temple_entry_arrows, lightli_sewer_entry_pipes,
          ebering_dispersal_statue_hall
D:7:      layout_basic, mainiacjoe_overflow_boulevard
D:8:      regret_index_malice_mire, layout_basic, xom_butterflies,
          mainiacjoe_overflow_surrounded_room, uniq_erica
D:9:      layout_roguey, amcnicky_altar_gilded, overflow_temple_1_default,
          enter_bailey_3, uniq_gastronok
Temple:   minmay_temple_curvy_loop

Skill      XL: |  1  2  3  4  5  6  7  8  9 10 11 |
---------------+----------------------------------+-----
Spellcasting   | 4 5 6 7 8 9 |  9.5
Conjurations   | 4 5 6 7 8 9 |  9.5
Hexes          | 4 5 6 7 8 9 |  9.5
Summonings     | 4 5 6 7 8 9 |  9.5
Necromancy     | 4 5 6 7 8 9 |  9.5
Translocations | 4 5 6 7 8 9 |  9.5
Fire Magic     | 4 5 6 7 8 9 |  9.5
Ice Magic      | 4 5 6 7 8 9 |  9.5
Air Magic      | 4 5 6 7 8 9 |  9.5
Earth Magic    | 4 5 6 7 8 9 |  9.5
Alchemy        | 4 5 6 7 8 9 |  9.5
Fighting       | 2 6 8 9 |  9.0
Dodging        | 3 7 9 10 | 10.0
Stealth        | |  1.6

Action                     |  1- 3 |  4- 6 |  7- 9 | 10-12 || total
---------------------------+-------+-------+-------+-------++-------
  Melee: Unarmed           |       |       |       |     1 ||     1
   Cast: Magic Dart        |    55 |   138 |   163 |    82 ||   438
         Searing Ray       |       |     9 |    20 |     2 ||    31
         Fulminant Prism   |       |       |    10 |    16 ||    26
         Iskenderun's Myst |       |       |    40 |    50 ||    90
    Use: Potion            |       |       |     2 |       ||     2
 Armour: Robe              |     2 |    15 |    58 |    17 ||    92
  Dodge: Dodged            |     2 |    13 |    34 |    15 ||    64

Table legend: (Time is in decaauts)
 A = Elapsed time spent in this place.
 B = Non-inter-level travel time spent in this place.
 C = Inter-level travel time spent in this place.
 D = Time resting spent in this place.
 E = Time spent auto-exploring this place.
 F = Levels seen in this place.
 G = Mean time per level.
                   A        B        C        D        E       F      G
               +--------+--------+--------+--------+--------+-----+--------+
         Total |  10033 |   9800 |    233 |      0 |   8236 |  10 | 1003.3 |
       Dungeon |   9976 |   9744 |    232 |      0 |   8236 |   9 | 1108.4 |
        Temple |     57 |     57 |      0 |      0 |      0 |   1 |   57.0 |
               +--------+--------+--------+--------+--------+-----+--------+

Top non-repeatable levels by time:
     D:6: 1590 daAuts
     D:7: 1497 daAuts
     D:8: 1483 daAuts
     D:2: 1280 daAuts
     D:3: 1065 daAuts
     D:5: 1037 daAuts
     D:1: 899 daAuts
     D:4: 808 daAuts
     D:9: 312 daAuts
  Temple: 57 daAuts
